 Dungeon Crawl Stone Soup version 0.21.1-1-g345015f (console) character file.

1874 erker the Transmogrifier (level 9, -4/55 HPs)
             Began as an Octopode Transmuter on May 8, 2018.
             Was an Initiate of Cheibriados.
             Slain by a gnoll sergeant
             ... wielding a +2 trident of flaming
              (11 damage)
             ... on level 7 of the Dungeon.
             The game lasted 00:29:13 (7297 turns).

erker the Transmogrifier (Octopode Transmuter)      Turns: 7297, Time: 00:29:14

Health: -4/55      AC:  1    Str: 11    XL:     9   Next: 14%
Magic:  8/16       EV: 15    Int: 19    God:    Cheibriados [......]
Gold:   195        SH:  0    Dex: 13    Spells: 10/18 levels left

rFire    . . .     SeeInvis .     - Unarmed
rCold    . . .     Gourm    .   (no shield)
rNeg     + . .     Faith    .   (helmet restricted)
rPois    .         Spirit   .   (no amulet)
rElec    .         Reflect  .   G - ring of positive energy
rCorr    .         Harm     .   (no ring)
MR       .....                  (no ring)
Stlth    +++.......             (no ring)
HPRegen  0.18/turn              (no ring)
MPRegen  0.15/turn              (no ring)
                                (no ring)
                                (no ring)

@: very slightly contaminated, very slow
A: almost no armour, stealthy swim, amphibious, 8 rings, constrict 8, camouflage
1, gelatinous body 1
a: Bend Time, Renounce Religion


You were on level 7 of the Dungeon.
You worshipped Cheibriados.
Cheibriados was noncommittal.
You were not hungry.

You visited 2 branches of the dungeon, and saw 8 of its levels.

You collected 285 gold pieces.
You spent 90 gold pieces at shops.

Inventory:

Hand Weapons
 j - a +0 spear
 p - a +0 hunting sling
 w - a +0 blowgun
Missiles
 d - 104 bolts
 i - 17 tomahawks (quivered)
 n - 49 arrows
 o - 8 needles of sleeping
 t - 2 poisoned javelins
 v - 3 curare-tipped needles
 y - 33 poisoned needles
 H - 2 throwing nets
Armour
 A - the +5 shield of Failure {rCorr}
   (You found it on level 4 of the Dungeon)

   It protects you from acid and corrosion.
Jewellery
 G - a ring of positive energy (left tentacle)
Scrolls
 a - a scroll of teleportation {unknown}
 f - 7 scrolls of identify
 g - a scroll of amnesia {unknown}
 h - 7 scrolls of remove curse
 m - 2 scrolls of enchant weapon {unknown}
 q - a scroll of magic mapping {unknown}
 s - a scroll of fog {unknown}
 x - a scroll of fear {unknown}
 E - a scroll of enchant armour {unknown}
Potions
 e - a potion of cancellation
 k - 2 potions of curing
 l - 2 potions of degeneration
 r - a potion of resistance {unknown}
 u - 2 potions of invisibility {unknown}
 z - a potion of might {unknown}
 B - a potion of brilliance {unknown}
 C - 2 potions of berserk rage {unknown}
 D - 2 potions of magic {unknown}
Books
 b - a book of Changes

   Spells                             Type                      Level
   a - Beastly Appendage              Transmutation                1
   b - Sticks to Snakes               Transmutation                2
   c - Spider Form                    Transmutation/Poison         3
   d - Ice Form                       Ice/Transmutation            4
   e - Blade Hands                    Transmutation                5
Comestibles
 c - 9 rations
 F - 6 chunks of flesh


   Skills:
 * Level 2.8 Fighting
 * Level 3.8 Dodging
 + Level 2.6 Stealth
 - Level 1.6 Shields
 + Level 4.4 Unarmed Combat
 + Level 5.1 Spellcasting
 + Level 8.5 Transmutations


You had 10 spell levels left.
You knew the following spells:

 Your Spells              Type           Power        Failure   Level  Hunger
a - Beastly Appendage     Tmut           #####.       1%          1    None
h - Blade Hands           Tmut           #####.....   11%         5    ######.
t - Sticks to Snakes      Tmut           #####...     1%          2    #......


Dungeon Overview and Level Annotations

Branches:
Dungeon (7/15)             Temple (1/1) D:6

Altars:
Ashenzari
Cheibriados
Dithmenos
Fedhas
Gozag
Hepliaklqana
Kikubaaqudgha
Makhleb
Nemelex Xobeh
Okawaru
Ru
Sif Muna
Uskayaw
Vehumet
Xom
Zin

Annotations:
D:7 2 transporters


Innate Abilities, Weirdness & Mutations

You cannot wear most types of armour.
You are very stealthy in the water. (Stealth+)
You are amphibious.
You can wear up to eight rings at the same time.
You can use your tentacles to constrict eight enemies at once.
Your skin changes colour to match your surroundings (Stealth+).
Your rubbery body absorbs attacks. (AC +1, EV +1)


Message History

The gnoll sergeant burns you.
* * * LOW HITPOINT WARNING * * *
You hit the gnoll sergeant. You squeeze the gnoll sergeant!
The gnoll sergeant is heavily wounded.
You constrict the gnoll sergeant.
The gnoll sergeant hits you with a trident of flaming.
* * * LOW HITPOINT WARNING * * *
The gnoll sergeant burns you.
* * * LOW HITPOINT WARNING * * *
You feel better.
Your tentacles revert to their normal proportions.
You constrict the gnoll sergeant. The gnoll sergeant closely misses you.
Casting: Blade Hands
Confirm with . or Enter, or press ? or * to list all spells.
You miscast Blade Hands.
You are very lightly contaminated with residual magic.
Your skin glows momentarily.
You constrict the gnoll sergeant, but do no damage.
The gnoll sergeant hits you with a trident of flaming!
You die...

#...........##..#
#########...##..##.#
###.>........#
#.........##
######.##.####
#.......# #.#####.#
#.#####.# #_.)@g..#
#.####.## #.# # #.#
#.# #.# #.. ##


You could see a gnoll sergeant.

Vanquished Creatures
  Prince Ribbit (D:6)
  A hippogriff (D:5)
  Duvessa (D:7)
  A sky beast (D:6)
  2 phantoms
  A centaur (D:6)
  2 ogres (D:4)
  2 bullfrogs
  Dowan (D:7)
  A scorpion (D:4)
  A crimson imp (D:5)
  4 hounds
  An orc priest (D:4)
  3 orc wizards
  Terence (D:2)
  2 worker ants
  9 gnolls
  7 adders
  A shadow imp (D:6)
  An ooze (D:1)
  An adder skeleton (D:5)
  5 worms
  A dart slug (D:3)
  3 leopard geckos
  23 orcs
  A ball python (D:2)
  3 giant cockroaches
  9 goblins
  12 hobgoblins
  11 jackals
  A quokka (D:3)
  3 bats
  5 frilled lizards
  9 kobolds
  2 rats
  A butterfly (D:6)
133 creatures vanquished.

Vanquished Creatures (collateral kills)
  Crazy Yiuf (D:2)
1 creature vanquished.

Grand Total: 134 creatures vanquished

Notes
Turn   | Place    | Note
-------+----------+-------------------------------------------
     0 | D:1      | erker the Octopode Transmuter began the quest for the Orb.
     0 | D:1      | Reached XP level 1. HP: 13/13 MP: 3/3
   125 | D:1      | Reached XP level 2. HP: 6/18 MP: 5/5
   426 | D:1      | Learned a level 2 spell: Sticks to Snakes
   550 | D:1      | Reached XP level 3. HP: 23/23 MP: 3/6
   685 | D:1      | Reached skill level 3 in Transmutations
  1338 | D:2      | Found a runed door.
  1378 | D:2      | Reached XP level 4. HP: 23/28 MP: 8/8
  1456 | D:2      | Noticed Terence
  1467 | D:2      | Killed Terence
  2035 | D:2      | Found a deep blue altar of Sif Muna.
  2153 | D:2      | Noticed Crazy Yiuf
  2167 | D:2      | Killed Crazy Yiuf
  2167 | D:2      | Reached skill level 4 in Transmutations
  2167 | D:2      | Reached XP level 5. HP: 23/33 MP: 4/10
  2678 | D:3      | Noticed a phantom
  2705 | D:3      | Killed a phantom
  2705 | D:3      | Reached XP level 6. HP: 13/38 MP: 7/11
  2873 | D:3      | Learned a level 5 spell: Blade Hands
  2926 | D:3      | Reached skill level 5 in Transmutations
  3628 | D:4      | Found a shattered altar of Ashenzari.
  3641 | D:4      | Reached skill level 6 in Transmutations
  3886 | D:4      | Reached XP level 7. HP: 43/43 MP: 4/12
  3908 | D:4      | Found Zin's Purification Station.
  3911 | D:4      | Found a glowing silver altar of Zin.
  3919 | D:4      | Bought a potion of curing for 90 gold pieces
  4136 | D:4      | Reached skill level 7 in Transmutations
  4565 | D:4      | Reached skill level 1 in Stealth
  5028 | D:4      | Got a jewelled shield
  5177 | D:5      | Entered Level 5 of the Dungeon
  5382 | D:5      | Found a sacrificial altar of Ru.
  5508 | D:5      | Noticed a hippogriff
  5514 | D:5      | Killed a hippogriff
  5514 | D:5      | Reached XP level 8. HP: 24/48 MP: 8/14
  5593 | D:6      | Noticed Prince Ribbit
  5667 | D:6      | Killed Prince Ribbit
  5667 | D:6      | Reached skill level 8 in Transmutations
  6284 | D:6      | Found a staircase to the Ecumenical Temple.
  6295 | Temple   | Entered the Ecumenical Temple
  6348 | Temple   | Became a worshipper of Cheibriados the Contemplative
  6381 | D:6      | Identified the +5 shield of Failure {rCorr} (You found it on level 4 of the Dungeon)
  6985 | D:7      | Noticed Duvessa
  6989 | D:7      | Noticed Dowan
  7001 | D:7      | Killed Duvessa
  7001 | D:7      | Reached skill level 1 in Shields
  7001 | D:7      | Reached skill level 5 in Spellcasting
  7001 | D:7      | Reached XP level 9. HP: 20/55 MP: 12/16
  7003 | D:7      | Killed Dowan
  7222 | D:7      | Found a transporter.
  7237 | D:7      | Found a transporter.
  7276 | D:7      | Found an ancient bone altar of Kikubaaqudgha.
  7295 | D:7      | HP: 2/55 [gnoll sergeant/trident of flaming (3)]
  7297 | D:7      | Slain by a gnoll sergeant

Skill      XL: |  1  2  3  4  5  6  7  8 |
---------------+-------------------------+-----
Transmutations | 3 4 6 7 8 |  8.5
Spellcasting   | 3 4 5 |  5.1
Stealth        | 1 2 |  2.6
Dodging        | 3 |  3.8
Fighting       | 2 |  2.8
Unarmed Combat | 4 |  4.4
Shields        | 1 |  1.6

Action                   |  1- 3 |  4- 6 |  7- 9 || total
-------------------------+-------+-------+-------++-------
Melee: Unarmed           |    80 |   110 |   178 ||   368
       Tentacles         |     8 |    24 |    34 ||    66
       Constrict         |    18 |    30 |    44 ||    92
       Kick              |     6 |    12 |       ||    18
       Punch             |     1 |     2 |     3 ||     6
Throw: Tomahawk          |       |     3 |       ||     3
 Cast: Beastly Appendage |     3 |    11 |     1 ||    15
       Sticks to Snakes  |     1 |     8 |     2 ||    11
       Blade Hands       |       |     2 |    25 ||    27
  Use: Potion            |       |     1 |     2 ||     3
       Scroll            |       |       |     3 ||     3
 Stab: Sleeping          |     6 |     7 |     7 ||    20
  Eat: Chunk             |     2 |     7 |    15 ||    24
       Ration            |       |       |     2 ||     2
Armor: Skin              |     5 |     4 |     4 ||    13
Dodge: Dodged            |    35 |    64 |    93 ||   192
